 Dungeon Crawl Stone Soup version 0.16-a0-3493-gd9d85f0 (webtiles) character file.

2622 Charly the Thaumaturge (level 9, -2/45 HPs)
             Began as a Deep Elf Wizard on Jan 4, 2015.
             Was a Believer of Sif Muna.
             Slain by a four-headed hydra (4 damage)
             ... on level 9 of the Dungeon.
             The game lasted 01:09:10 (4102 turns).

Charly the Thaumaturge (Deep Elf Wizard)            Turns: 4102, Time: 01:09:15

Health: -2/45      AC:  4    Str:  4    XL:     9   Next: 34%
Magic:  7/32       EV: 14    Int: 27    God:    Sif Muna [**....]
Gold:   471        SH:  0    Dex: 13    Spells: 5 memorised, 24 levels left

rFire  . . .     SeeInvis .     n - +0 blowgun
rCold  . . .     Clarity  .     a - +0 robe
rNeg   . . .     SustAb   .     (no shield)
rPois  +         Gourm    .     b - +0 hat
rElec  .         Spirit   .     (no cloak)
rCorr  .         Warding  .     (no gloves)
rMut   .         Stasis   .     g - +1 pair of boots
MR     .....                    (no amulet)
Stlth  ++........               c - +2 ring of evasion
                                m - ring of poison resistance

@: very slightly contaminated, repel missiles, not resistant to hostile
enchantments, unstealthy
A: no striking features
a: Channel Energy, Forget Spell, Renounce Religion


You were on level 9 of the Dungeon.
You worshipped Sif Muna.
Sif Muna was pleased with you.
You were hungry.

You visited 2 branches of the dungeon, and saw 11 of its levels.
You also visited: Ossuary.

You collected 526 gold pieces.
You spent 55 gold pieces at shops.

Inventory:

Hand weapons
 n - a +0 blowgun (weapon)
Missiles
 q - 3 poisoned needles (quivered)
 F - 3 curare-tipped needles
Armour
 a - a +0 robe (worn)
 b - a +0 hat (worn)
 g - a +1 pair of boots (worn)
Magical staves
 j - an uncursed staff of cold
Jewellery
 c - a +2 ring of evasion (right hand)
 m - a ring of poison resistance (left hand)
 D - a cursed ring of fire
Magical devices
 r - a wand of slowing (27)
Scrolls
 e - 3 scrolls of remove curse
 k - a scroll of fog {unknown}
 l - a scroll of blinking {unknown}
 p - 3 scrolls of enchant armour
 t - a scroll of acquirement {unknown}
 u - a scroll of recharging
 v - 3 scrolls of fear
 w - a scroll of magic mapping
 y - a scroll of random uselessness {unknown}
 z - a scroll of noise {unknown}
 G - a scroll of teleportation
Potions
 f - a potion of cancellation {unknown}
 h - 2 potions of might
 o - a potion of lignification
 s - a potion of flight {unknown}
 A - 2 potions of brilliance {unknown}
 E - a potion of resistance {unknown}
 H - 3 potions of agility
 I - a potion of ambrosia {unknown}
 J - a potion of heal wounds
 K - 3 potions of restore abilities
 L - 2 potions of curing {unknown}
Books
 x - a book of Unlife

   Spells                             Type                      Level
   a - Recall                         Summoning/Translocation      3
   b - Animate Dead                   Necromancy                   4
   c - Control Undead                 Necromancy                   4
   d - Cigotuvi's Embrace             Necromancy                   5
   e - Death Channel                  Necromancy                   6
   f - Simulacrum                     Ice/Necromancy               6
Comestibles
 d - 4 bread rations
 i - a meat ration


   Skills:
 - Level 2.4 Dodging
 - Level 2.4 Stealth
 + Level 13.2 Spellcasting
 - Level 1.1 Conjurations
 - Level 6.1 Summonings
 - Level 1.1 Translocations
 + Level 5.9 Invocations


You had 24 spell levels left.
You knew the following spells:

 Your Spells              Type           Power        Failure   Level  Hunger
b - Blink                 Tloc           N/A          3%          2    None
d - Magic Dart            Conj           ###.         1%          1    None
i - Call Imp              Summ           ######..     1%          2    None
m - Mephitic Cloud        Conj/Pois/Air  ###.....     10%         3    None
r - Repel Missiles        Chrm/Air       ###...       6%          2    None


Dungeon Overview and Level Annotations

Branches:
Dungeon (10/15)            Temple (1/1) D:7             Orc (0/4) D:9
   Lair: D:8-11

Altars:
Cheibriados
Elyvilon
Fedhas
Nemelex Xobeh
Okawaru
Qazlal
Ru
Sif Muna
Trog
Vehumet
Xom
Yredelemnul
Zin
The Shining One

Shops:
D:4 ?   D:7 [

Annotations:
D:5 Eustachio


Message History

The giant frog appears confused.
Casting: Mephitic Cloud
Confirm with . or Enter, or press ? or * to list all spells.
Aiming: Mephitic Cloud
Press: ? - help, Shift-Dir - straight line, f/p - death yak
Aim: a death yak (lightly wounded)
Okay, then.
There is a stone staircase leading up here.
You climb upwards.
The four-headed hydra bites you! The four-headed hydra bites you.
The four-headed hydra bites you! The four-headed hydra bites you!
* * * LOW HITPOINT WARNING * * *
There is a stone staircase leading down, spattered with blood here.
Casting: Mephitic Cloud
Confirm with . or Enter, or press ? or * to list all spells.
You miscast Blink.
Nothing appears to happen.
The four-headed hydra bites you!
* * * LOW HITPOINT WARNING * * *
The four-headed hydra barely misses you.
The four-headed hydra misses you. The four-headed hydra bites you.
You die...

#..# #..####### ##
#.......... ..
#.######## .. #.#
###.. #.# #.... #(#
##########....
#.#######.......x.....
#....@....####'###....
#.....D(..#.⌠.⌠# ##...
#.######(.#....##.##C.
#.# ##.#.._.#$..8.#
#.# #.#....#$....# #.#
#5#....#$....#
#.#######.#.._.#$..8..
#.........#....##.##..
#..#####..#.⌠.⌠# ##?.#


You could see a four-headed hydra.

Vanquished Creatures
  A stone giant (D:9)
  A two-headed ogre (D:9)
  A hippogriff (D:8)
  A wasp (D:9)
  An orc warrior (D:9)
  6 killer bees
  An electric eel (D:9)
  A crimson imp (D:6)
  An iguana (D:7)
  3 orc priests
  A jelly (D:9)
  An orc wizard (D:6)
  3 mummies (Ossuary)
  A worker ant zombie (D:5)
  2 adders
  3 shadow imps
  A white imp (D:6)
  A giant gecko (D:1)
  17 orcs
  6 goblins
  5 hobgoblins
  9 kobolds
  A ball python (D:4)
  4 bats
  3 giant cockroaches
  A giant gecko skeleton (D:5)
  3 giant newts
  9 jackals
  2 kobold zombies (Ossuary)
  An orc zombie (Ossuary)
  10 rats
101 creatures vanquished.

Vanquished Creatures (collateral kills)
  A yak (shapeshifter) (D:9)
  2 orc warriors (D:6)
  A necrophage (D:5)
  A phantom (D:4)
  2 giant frogs
  A jelly (D:9)
  2 centaur skeletons
  A crimson imp (D:7)
  An orc priest (D:6)
  3 orc wizards
  2 iguanas
  3 worker ants
  A big kobold zombie (Ossuary)
  5 mummies (Ossuary)
  A shadow imp (D:7)
  3 worms
  A giant gecko (D:4)
  An ooze (D:1)
  14 orcs
  A giant cockroach (D:7)
  A hobgoblin (D:4)
  A jackal (D:5)
  A kobold (D:9)
  4 orc zombies (Ossuary)
54 creatures vanquished.

Vanquished Creatures (others)
  A killer bee (D:9)
  15 crimson imps
  4 iron imps
  8 shadow imps
  22 white imps
50 creatures vanquished.

Grand Total: 205 creatures vanquished

Notes
Turn   | Place    | Note
--------------------------------------------------------------
     0 | D:1      | Charly, the Deep Elf Wizard, began the quest for the Orb.
     0 | D:1      | Reached XP level 1. HP: 10/10 MP: 6/6
   159 | D:1      | Reached skill level 5 in Spellcasting
   177 | D:1      | Reached XP level 2. HP: 15/15 MP: 0/11
   239 | D:1      | Learned a level 2 spell: Blink
   242 | D:1      | Learned a level 2 spell: Call Imp
   245 | D:1      | Learned a level 2 spell: Repel Missiles
   578 | D:3      | Reached XP level 3. HP: 19/19 MP: 10/14
   585 | D:3      | Learned a level 3 spell: Mephitic Cloud
   609 | D:4      | Reached skill level 6 in Spellcasting
   805 | D:4      | Found Pautodou's Magic Scroll Shoppe.
   811 | D:4      | Bought a scroll of identify for 22 gold pieces
   811 | D:4      | Bought a scroll of teleportation for 33 gold pieces
   832 | D:4      | Noticed a phantom
   978 | D:4      | Killed a phantom
   978 | D:4      | Reached XP level 4. HP: 20/24 MP: 5/18
  1047 | D:5      | Entered Level 5 of the Dungeon
  1115 | D:5      | Reached skill level 7 in Spellcasting
  1156 | D:5      | Noticed a necrophage
  1207 | D:5      | Killed a necrophage
  1207 | D:5      | Reached XP level 5. HP: 28/28 MP: 3/21
  1224 | D:5      | Found a stormy altar of Qazlal.
  1435 | D:5      | Found a glowing silver altar of Zin.
  1445 | D:5      | Noticed Eustachio
  1778 | D:5      | Reached skill level 8 in Spellcasting
  1856 | D:6      | Noticed an orc warrior
  1896 | D:6      | Reached XP level 6. HP: 21/32 MP: 2/24
  1898 | D:6      | Killed an orc warrior
  1974 | D:6      | Found a basalt altar of Yredelemnul.
  2141 | D:6      | Noticed an orc warrior
  2175 | D:6      | Killed an orc warrior
  2222 | D:6      | Reached skill level 9 in Spellcasting
  2308 | D:6      | Reached XP level 7. HP: 15/36 MP: 12/27
  2537 | D:7      | You fall through a shaft!
  2653 | D:7      | Found a sand-covered staircase.
  2658 | Ossuary  | Entered an ossuary
  2682 | Ossuary  | Reached skill level 5 in Summonings
  2686 | Ossuary  | Reached skill level 10 in Spellcasting
  2950 | D:7      | Found a sparkling altar of Nemelex Xobeh.
  3031 | D:7      | Found a white marble altar of Elyvilon.
  3144 | D:7      | Found Chuag's Armour Emporium.
  3217 | D:7      | Found a staircase to the Ecumenical Temple.
  3230 | Temple   | Entered the Ecumenical Temple
  3238 | Temple   | Became a worshipper of Sif Muna the Loreminder
  3317 | D:8      | Reached XP level 8. HP: 41/41 MP: 26/29
  3369 | D:9      | Reached skill level 11 in Spellcasting
  3438 | D:9      | Noticed a gargoyle
  3455 | D:9      | Found a staircase to the Orcish Mines.
  3493 | D:9      | Found a glowing golden altar of the Shining One.
  3494 | D:9      | Found a snail-covered altar of Cheibriados.
  3746 | D:9      | Acquired Sif Muna's first power
  3746 | D:9      | Reached skill level 1 in Invocations
  3786 | D:9      | Noticed a two-headed ogre
  3796 | D:9      | Killed a two-headed ogre
  3796 | D:9      | Reached skill level 12 in Spellcasting
  3832 | D:9      | Found a bloodstained altar of Trog.
  3832 | D:9      | Found a glowing golden altar of the Shining One.
  3833 | D:9      | Noticed a four-headed hydra
  3923 | D:9      | Noticed a stone giant
  3926 | D:9      | Noticed an octopode
  3940 | D:9      | an octopode changed into a shapeshifter
  3941 | D:9      | Noticed a spiny frog
  3941 | D:9      | a shapeshifter changed into a spiny frog
  3949 | D:9      | a spiny frog changed into a yak
  4051 | D:9      | Killed a stone giant
  4051 | D:9      | Acquired Sif Muna's second power
  4051 | D:9      | Reached skill level 13 in Spellcasting
  4051 | D:9      | Reached skill level 5 in Invocations
  4051 | D:9      | Reached XP level 9. HP: 37/45 MP: 9/32
  4091 | D:10     | Entered Level 10 of the Dungeon
  4091 | D:10     | Noticed a death yak
  4102 | D:9      | HP: 2/45 [four-headed hydra (7)]
  4102 | D:9      | Slain by a four-headed hydra

Action                   |  1- 3 |  4- 6 |  7- 9 || total
-------------------------+-------+-------+-------++-------
Melee: Whip              |    20 |    43 |     8 ||    71
 Fire: Blowgun           |       |       |    47 ||    47
 Cast: Magic Dart        |    57 |    40 |    68 ||   165
       Call Imp          |    27 |    49 |    75 ||   151
       Blink             |     1 |     5 |    15 ||    21
       Mephitic Cloud    |       |    12 |    11 ||    23
       Repel Missiles    |       |       |     1 ||     1
Evoke: Wand              |     1 |     4 |     9 ||    14
  Use: Scroll            |     3 |     2 |    11 ||    16
       Potion            |       |     2 |     2 ||     4
 Stab: Confused          |       |     1 |     2 ||     3
       Sleeping          |       |       |     4 ||     4
       Betrayed ally     |       |       |     1 ||     1
  Eat: Chunk             |       |     5 |     4 ||     9
       Beef jerky        |       |       |     1 ||     1
